 Dungeon Crawl Stone Soup version 0.31-a0-1019-g3dd9dd1025 (webtiles) character file.

Game seed: 18387136285933923136

53 fengi the Ruffian (level 3, -1/54 HPs)
             Began as a Troll Berserker on Nov 17, 2023.
             Was a Follower of Trog.
             Slain by Sigmund
             ... wielding a +2 scythe of freezing
              (2 damage)
             ... on level 2 of the Dungeon.
             The game lasted 00:07:41 (1008 turns).

fengi the Ruffian (Troll Berserker)                 Turns: 1008, Time: 00:07:41

Health: -1/54      AC:  4    Str: 27    XL:     3   Next: 64%
Magic:  2/2        EV: 10    Int:  3    God:    Trog [*.....]
Gold:   16         SH:  0    Dex:  9    Spells: 2/2 levels left

rFire   . .          .
                       - Unarmed
rCold   . . .        f - orb {mayhem}
rNeg    . . .        a - +0 animal skin
rPois   +            (helmet restricted)
rElec   .            (no cloak)
rCorr   +            (gloves unavailable)
SInv    .            (boots unavailable)
Will    .....        (no amulet) Stlth
                     b - ring of poison resistance
HPRegen 1.09/turn    h - ring of resist corrosion
MPRegen 0.08/turn

%: mayhem
@: confused, berserking (expiring), very quick
A: large, unfitting armour, claws 3, regeneration 1, shaggy fur 1, tough skin 1
a: Renounce Religion, Berserk


You were on level 2 of the Dungeon.
You worshipped Trog.
Trog was aware of your devotion.
You visited 1 branch of the dungeon, and saw 2 of its levels.

You collected 16 gold pieces.

Inventory:

Hand Weapons
 c - a +1 dagger of electrocution
 d - a +0 rapier
Armour
 a - a +0 animal skin (worn)
 f - an orb of mayhem (worn)
Jewellery
 b - a ring of poison resistance (left claw)
 h - a ring of resist corrosion (right claw)
Scrolls
 e - a scroll of noise {unknown}
 g - a scroll of enchant armour {unknown}
 i - 3 scrolls of immolation {unknown}
 j - a scroll of revelation {unknown}


   Skills:
 + Level 2.9 Fighting
 + Level 2.8 Dodging
 + Level 3.7 Unarmed Combat


You had 2 spell levels left.
You didn't know any spells.
Your spell library was empty.

Dungeon Overview and Level Annotations

Branches:
Dungeon (2/15)

Altars:

Annotations:
D:2 Sigmund


Innate Abilities, Weirdness & Mutations

You are too large for most types of armour.
You have claws for hands.
Your natural rate of healing is unusually fast.
You are covered in fur. (AC +1)
You have tough skin. (AC +1)


Message History

Found a club.
Sigmund the Dreaded comes into view.
He is wielding a +2 scythe of freezing.
Found an escape hatch in the ceiling.
The adder bites you. The adder barely misses you.
You closely miss the adder. The adder bites you. Sigmund barely misses you.
You scratch the adder.
The adder is heavily wounded.
The adder bites you but does no damage.
Sigmund casts a spell.
Sigmund flickers and vanishes!
Deactivating autopickup; reactivate with Ctrl-A.
The adder bites you but does no damage.
You closely miss something. Something hits you. Something freezes you.
The adder bites you but does no damage.
You claw the adder!
You kill the adder!
Trog accepts your kill.
You closely miss something. Something hits you! Something freezes you.
You claw something! Something hits you. Something freezes you.
A red film seems to cover your vision as you go berserk!
You feel yourself moving faster!
You feel mighty!
You feel a strong urge to attack something.
Something hits you!
* * * LOW HITPOINT WARNING * * *
Something freezes you.
* * * LOW HITPOINT WARNING * * *
You scratch something.
You hear some strange, mumbled words.
A puff of flame appears from out of thin air!
The puff of flame hits you.
* * * LOW HITPOINT WARNING * * *
You barely miss something. You miss something.
You hear some strange, mumbled words.
You are confused.
You miss something.
You're too confused to move!
Something hits you.
* * * LOW HITPOINT WARNING * * *
Something freezes you.
You die...

#.# #....# #. #.....#
#.# ##.#.# # #####.# #.#
#)#<# # #.# #.# #.#.#
.## #.# #.#
#.#.##...#####.#
#.#####.....#.#.#....#
#...)..........##.####
#######.....#.###.#####.
#..@.#..#.##........
#.#{...#......######
#.#####.#.###.# # .# #
#.# # #.###### #.......
#.###..##### #......#
#####.##


There were no monsters in sight!

Vanquished Creatures
  3 adders (D:2)
  A bat (D:1)
  3 endoplasms (D:1)
  2 giant cockroaches (D:2)
  A hobgoblin (D:1)
  2 jackals (D:1)
  A quokka (D:2)
  5 ball pythons
  A frilled lizard (D:2)
  2 goblins (D:1)
  3 kobolds
  2 rats (D:1)
26 creatures vanquished.

Notes
Turn   | Place    | Note
-------+----------+-------------------------------------------
     0 | D:1      | fengi the Troll Berserker began the quest for the Orb.
     0 | D:1      | Reached XP level 1. HP: 22/22 MP: 0/0
   374 | D:1      | Reached XP level 2. HP: 29/29 MP: 1/1
   871 | D:2      | Reached XP level 3. HP: 36/36 MP: 2/2
   991 | D:2      | Noticed Sigmund
  1008 | D:2      | HP: 1/54 [something (6)]
  1008 | D:2      | Slain by Sigmund

Illustrated notes

Levels and vault maps discovered:
D:1:      nzn_arrival_crosshair, layout_loops_corners, bh_walls_and_bars
D:2:      layout_loops_ring, uniq_sigmund

Action                     || total
---------------------------++-------
  Melee: Unarmed           ||    59
         Punch             ||     1
  Throw: Stone             ||     7
 Invoke: Berserk           ||     1
 Armour: Animal skin       ||    37
  Dodge: Dodged            ||    22

Table legend: (Time is in decaauts)
 A = Elapsed time spent in this place.
 B = Non-inter-level travel time spent in this place.
 C = Inter-level travel time spent in this place.
 D = Time resting spent in this place.
 E = Time spent auto-exploring this place.
 F = Levels seen in this place.
 G = Mean time per level.
                   A        B        C        D        E       F      G
               +--------+--------+--------+--------+--------+-----+--------+
         Total |   1002 |    955 |     47 |      0 |    741 |   2 |  501.0 |
       Dungeon |   1002 |    955 |     47 |      0 |    741 |   2 |  501.0 |
               +--------+--------+--------+--------+--------+-----+--------+

Top non-repeatable levels by time:
     D:1: 848 daAuts
     D:2: 153 daAuts
